 Dungeon Crawl Stone Soup version 0.31-a0-240-gb923e448b6 (webtiles) character file.

Game seed: 12393016396968667577

210 qw the Shooter (level 5, 0/32 HPs)
             Began as a Gargoyle Hexslinger on July 11, 2023.
             Slain by an orc
             ... wielding a +0 mace
              (2 damage)
             ... on level 3 of the Dungeon.
             The game lasted 00:01:01 (2238 turns).

qw the Shooter (Gargoyle Hexslinger)                Turns: 2238, Time: 00:01:02

Health: 0/32       AC: 12    Str: 12    XL:     5   Next: 88%
Magic:  0/6        EV: 11    Int: 13    God:
Gold:   77         SH:  0    Dex: 14    Spells: 5/6 levels left

rFire   . . .        Y - +2 sling
rCold   . . .        (no shield)
rNeg    + . .        e - +0 leather armour
rPois   inf          a - +0 helmet
rElec   +            i - +2 cloak {rCorr}
rCorr   +            (no gloves)
SInv    .            d - +0 pair of boots
Will    .....        g - amulet of guardian spirit
Stlth   +            (no ring)
HPRegen 0.25/turn    (no ring)
MPRegen 0.10/turn

%: guardian spirit
@: no status effects
A: sickness immunity, AC +4, negative energy resistance 1, electricity
resistance, torment resistance 1, petrification resistance
a: no special abilities


You were on level 3 of the Dungeon.
You visited 1 branch of the dungeon, and saw 3 of its levels.

You collected 77 gold pieces.


Innate Abilities, Weirdness & Mutations

You are immune to sickness and miasma.
Your stone body is resilient. (AC +4)
You are immune to poison.
You resist negative energy. (rN+)
You are resistant to electric shocks. (rElec)
You are resistant to unholy torment.
You are immune to petrification.


   Skills:
 + Level 2.8 Fighting
 - Level 5.0 Ranged Weapons
 - Level 1.6 Armour
 - Level 1.5 Dodging
 - Level 1.0 Spellcasting
 - Level 2.6 Hexes


You had 5 spell levels left.
You knew the following spells:

 Your Spells              Type           Power      Damage    Failure   Level
a - Slow                  Hex            28%        N/A       12%         1

Your spell library contained the following spells:

 Spells                   Type           Power      Damage    Failure   Level
 Inner Flame              Hex/Fire       4%         N/A       52%         3
 Portal Projectile        Hex/Tloc       8%         N/A       52%         3
 Cause Fear               Hex            3%         N/A       75%         4

Inventory:

Hand Weapons
 Y - a +2 sling (weapon)
Armour
 a - a +0 helmet (worn)
 c - a +0 ring mail
 d - a +0 pair of boots (worn)
 e - a +0 leather armour (worn)
 i - a +2 cloak of preservation (worn)
Jewellery
 g - an amulet of guardian spirit (around neck)
Scrolls
 b - a scroll of revelation {unknown}
 j - a scroll of identify
Potions
 f - a potion of might
 h - a potion of curing {unknown}

Dungeon Overview and Level Annotations

Branches:
Dungeon (3/15)

Altars:

Shops:
D:2 :

Annotations:
D:2 1 runed translucent door, Crazy Yiuf


Message History

The quokka barely misses you.
You shoot a sling bullet. The sling bullet hits the orc priest.
The orc priest is heavily wounded.
The orc priest hits you but does no damage.
The orc closely misses you. The kobold barely misses you.
The quokka barely misses you.
You shoot a sling bullet.
The sling bullet hits the orc priest but does no damage.
The orc priest is heavily wounded.
The quokka barely misses you. The orc priest barely misses you.
The orc hits you but does no damage. The kobold hits you but does no damage.
The quokka bites you but does no damage.
You shoot a sling bullet. The sling bullet hits the orc priest.
The orc priest is severely wounded.
The orc priest hits you with a +0 mace of protection.
The orc hits you but does no damage. The kobold barely misses you.
The quokka misses you.
An endoplasm comes into view.
The kobold barely misses you. The orc priest barely misses you.
The orc hits you but does no damage.
You shoot a sling bullet. The endoplasm quivers.
The sling bullet hits the orc priest.
The orc priest is almost dead.
The quokka bites you but does no damage.
The orc priest calls down the wrath of Beogh upon you.
Pain shoots through your body! The orc hits you but does no damage.
The kobold closely misses you.
The quokka bites you but does no damage.
You shoot a sling bullet.
The sling bullet closely misses the orc priest.
The quokka bites you but does no damage.
The orc priest invokes the aid of Beogh against you.
You barely resist. The orc hits you but does no damage.
The kobold hits you but does no damage.
You shoot a sling bullet.
The sling bullet barely misses the orc priest.
The quokka bites you but does no damage.
The orc priest barely misses you. The orc hits you with a +0 mace.
You die...

...... # #.. #....# #
#.. #....# ### #...
#....# #.. #.... #....#
#.# ...## #....# ####.#
. ... #....#####....#
...###r###.J....%...####
......K@................
......oo..##...........#
##.##....>.#############
#.##.#..#### #....
#.##.##.##.# #.###
..#..##....#####.# ..
#.#####........### ...
#.....#..####.....
#####.##...#....##


You could see an orc priest, an orc, an endoplasm, a quokka and a kobold.

Vanquished Creatures
  An orc priest (D:3)
  Terence (D:2)
  An orc wizard (D:3)
  Robin (D:2)
  5 adders (D:2)
  2 dart slugs (D:1)
  4 orcs (D:3)
  7 endoplasms
  4 giant cockroaches (D:1)
  8 goblins
  7 hobgoblins
  3 quokkas
  6 ball pythons
  3 bats
  5 frilled lizards
  6 kobolds
  7 rats
71 creatures vanquished.

Notes
Turn   | Place    | Note
-------+----------+-------------------------------------------
     0 | D:1      | qw the Gargoyle Hexslinger began the quest for the Orb.
     0 | D:1      | Reached XP level 1. HP: 12/12 MP: 2/2
     0 | D:1      | 0 ||| qw: Version: 0.3-a-52-g30416fa
     0 | D:1      | 0 ||| qw: Game counter: 6060
     0 | D:1      | 0 ||| qw: Melee chars always use a shield: true
     0 | D:1      | 0 ||| qw: God list: Okawaru
     0 | D:1      | 0 ||| qw: Allow faded altars: false
     0 | D:1      | 0 ||| qw: Do Orc after clearing Dungeon:15 true
     0 | D:1      | 0 ||| qw: Do second Lair branch before Depths: true
     0 | D:1      | 0 ||| qw: Lair rune preference: random
     0 | D:1      | 0 ||| qw: Goals: Normal
     0 | D:1      | 0 ||| PLANNING D:1-11
   159 | D:1      | Reached XP level 2. HP: 16/16 MP: 3/3
   215 | D:1      | Reached skill level 3 in Ranged Weapons
   390 | D:1      | Reached XP level 3. HP: 21/21 MP: 4/4
   753 | D:1      | 753 ||| UPGRADING to +0 pair of boots.
   758 | D:1      | 758 ||| UPGRADING to +2 cloak of preservation.
   763 | D:1      | 763 ||| UPGRADING to amulet of guardian spirit.
   768 | D:1      | 768 ||| READING scroll labelled ACOTARONORIE.
   769 | D:1      | 769 ||| READING 3 scrolls labelled PAD KAJAUKLUNT.
   770 | D:1      | 770 ||| READING 2 scrolls of identify.
   770 | D:1      | 770 ||| IDENTIFYING viscous blue potion
   771 | D:1      | 771 ||| DROPPING scroll of poison.
   934 | D:2      | Noticed Terence
   956 | D:2      | Killed Terence
   957 | D:2      | Reached skill level 4 in Ranged Weapons
   957 | D:2      | Reached XP level 4. HP: 19/26 MP: 3/5
  1031 | D:2      | Noticed Robin
  1048 | D:2      | Killed Robin
  1094 | D:2      | Found a runed translucent door.
  1095 | D:2      | Noticed Crazy Yiuf
  1566 | D:2      | Found Monetep's Book Boutique.
  1605 | D:2      | Reached XP level 5. HP: 28/30 MP: 6/6
  1652 | D:2      | Reached skill level 5 in Ranged Weapons
  1837 | D:2      | 1837 ||| UPGRADING to +0 helmet.
  1842 | D:2      | 1842 ||| UPGRADING to +0 leather armour.
  1852 | D:2      | 1852 ||| DROPPING +0 robe.
  1853 | D:2      | 1853 ||| READING scroll labelled ITEDDOLL BIAS.
  1854 | D:2      | 1854 ||| DRINKING 2 cyan potions.
  1888 | D:2      | 1888 ||| DROPPING potion of lignification.
  2076 | D:3      | 2076 ||| Stepping ~*~*~tactically~*~*~ (outnumbered).
  2087 | D:3      | Reached skill level 1 in Armour
  2230 | D:3      | HP: 7/32 [quokka (3)]
  2231 | D:3      | HP: 2/32 [kobold/+0 short sword (2)]
  2236 | D:3      | HP: 1/32 [orc priest/nerve-wracking pain (2)]
  2238 | D:3      | Slain by an orc

Levels and vault maps discovered:
D:1:      minmay_arrival_loop, layout_loops_ring, minmay_tromino_v4_b
D:2:      minmay_diamond_boxcup, layout_loops_ring, serial_shops,
          nicolae_shop_behind_doors, kennysheep_generic_room_6, uniq_terence,
          uniq_crazy_yiuf_cottage, uniq_robin
D:3:      layout_basic

Skill      XL: |  1  2  3  4  5 |
---------------+----------------+-----
Ranged Weapons | 3 4 5 |  5.0
Fighting       | 2 |  2.8
Armour         | 1 |  1.6
Dodging        | |  1.5
Spellcasting   | |  1.0
Hexes          | |  2.6

Action                     |  1- 3 |  4- 6 || total
---------------------------+-------+-------++-------
  Melee: Unarmed           |     3 |       ||     3
   Fire: Sling             |   128 |   149 ||   277
    Use: Scroll            |     3 |     1 ||     4
         Potion            |       |     1 ||     1
 Armour: Robe              |    15 |    40 ||    55
         Skin              |     9 |       ||     9
         Leather armour    |       |    34 ||    34
  Dodge: Dodged            |    22 |    97 ||   119

Table legend:
 A = Non-vault XP
 B = Vault XP
 C = Vault XP percentage of total XP
 D = Non-vault monster count
 E = Vault monster count
 F = Vault count percentage of total count
                 A         B        C        D         E       F
            +---------+---------+-------+---------+---------+-------
      Total |     211 |      90 |  29.9 |      54 |      17 |  23.9
            +---------+---------+-------+---------+---------+-------
        D:1 |      48 |       3 |   5.9 |      29 |       2 |   6.5
        D:2 |      67 |      87 |  56.5 |      12 |      15 |  55.6
        D:3 |      96 |       0 |   0.0 |      13 |       0 |   0.0
            +---------+---------+-------+---------+---------+-------
